Avalanche vs Penguins
(R1)
Created - October 28, 2024 at 19:34
Goals
|
| Avalanche |
2 |
1 |
2 |
5 |
| Penguins |
2 |
1 |
0 |
3 |
|
Shots
|
| Avalanche |
6 |
11 |
15 |
32 |
| Penguins |
10 |
9 |
4 |
23 |
|
1st period
1. Avalanche , Rickard Rakell 1 (Kyle Clifford 2, Jean-Gabriel Pageau 2) at 1:22
2. Penguins , Keith Aulie 1 (Mark Scheifele 2, Sebastian Aho 1) at 7:22 (PP)
3. Avalanche , Rickard Rakell 2 (Jean-Gabriel Pageau 3, Kyle Clifford 3) at 11:51
4. Penguins , Pavel Zacha 1 (Mark Scheifele 3, Sebastian Aho 2) at 14:34
Penalties :
Bryan Little (Col) for Roughing (Minor) at 1:46, Keith Aulie (Pit) for Delaying the game (Minor) at 4:29, Rickard Rakell (Col) for Boarding (Minor) at 6:04
2nd period
5. Penguins , Sebastian Aho 3 (Mark Scheifele 4, John Marino 1) at 1:37
6. Avalanche , Nick Cousins 1 (Ryan O'Reilly 1) at 2:49
Penalties :
Mark Scheifele (Pit) for Interference (Minor) at 5:21, Ryan Hartman (Col) for Tripping (Minor) at 8:30, Nick Leddy (Pit) for Roughing (Minor) at 14:01
3rd period
7. Avalanche , Jacob Slavin 2 (Andrei Kuzmenko 3, Bryan Little 4) at 0:18
8. Avalanche , Rickard Rakell 3 (Kyle Clifford 4, Jean-Gabriel Pageau 4) at 19:45 (Empty Net)
Penalties :
Rickard Rakell (Col) for Tripping (Minor) at 3:45, Andrei Kuzmenko (Col) for Interference (Minor) at 8:32, Stefan Elliott (Col) for Delaying the game (Minor) at 13:22, Erik Karlsson (Col) for Holding (Minor) at 17:28
Goalie Stats
Semyon Varlamov (Col), 20 saves from 23 shots - (0.870), W, 1-0-0, 60:00 minutes
Jeremy Swayman (Pit), 27 saves from 31 shots - (0.871), L, 2-1-0, 59:01 minutes
Players Stats for Avalanche
Player Name G A P +/- PIM S H SB GA TA FO MP PP MP PK MP
------------------------------------------------------------------------------------
Andrei Kuzmenko 0 1 1 1 2 3 0 1 1 1 0/0 15:18 2:04 0:54
Anthony Duclair 0 0 0 1 0 1 1 0 0 0 0/0 11:13 0:00 0:38
Bryan Little 0 1 1 1 2 4 2 1 2 0 7/14 14:34 2:04 0:15
David Rundblad 0 0 0 0 0 1 0 0 0 0 0/0 23:50 2:06 7:31
Drake Caggiula 0 0 0 -1 0 1 2 0 0 0 1/6 7:23 0:00 0:00
Erik Karlsson 0 0 0 0 2 1 3 3 0 1 0/0 16:59 3:27 0:00
Jack Johnson 0 0 0 3 0 0 3 1 1 0 0/0 22:47 0:00 6:11
Jacob Slavin 1 0 1 2 0 1 0 1 1 1 0/0 26:17 3:27 6:37
Jean-Gabriel Pageau 0 3 3 2 0 3 2 3 0 0 9/19 20:48 3:29 5:48
Joseph Blandisi 0 0 0 -1 0 2 1 0 1 0 0/0 7:10 0:00 0:00
Kyle Clifford 0 3 3 2 0 3 1 0 0 1 2/2 20:48 3:29 5:48
Nick Cousins 1 0 1 1 0 1 0 0 0 0 2/3 11:33 2:04 0:00
Patric Hornqvist 0 0 0 1 0 2 1 0 1 0 2/3 17:36 0:00 5:28
Rickard Rakell 3 0 3 2 4 6 2 0 1 0 0/2 15:34 3:28 0:16
Ryan Hartman 0 0 0 -1 2 1 0 0 0 1 0/0 7:12 0:00 0:00
Ryan O'Reilly 0 1 1 1 0 1 0 1 0 0 8/16 17:09 0:00 6:29
Stefan Elliott 0 0 0 0 2 0 2 1 0 0 0/0 13:16 2:06 0:00
Vladislav Gavrikov 0 0 0 1 0 1 0 1 0 1 0/0 17:14 0:00 5:17
Players Stats for Penguins
Player Name G A P +/- PIM S H SB GA TA FO MP PP MP PK MP
------------------------------------------------------------------------------------
Aaron Ekblad 0 0 0 0 0 0 0 0 1 2 0/0 23:11 4:50 3:39
Brandon Tanev 0 0 0 0 0 1 1 0 0 0 0/0 6:41 0:00 1:21
Elias Lindholm 0 0 0 -2 0 2 1 1 0 0 7/17 18:42 5:53 1:31
Evan Rodrigues 0 0 0 0 0 0 0 0 0 0 2/3 5:20 0:00 0:00
Gavin Bayreuther 0 0 0 -1 0 1 0 1 2 1 0/0 21:03 7:04 0:00
Iven Barbashev 0 0 0 0 0 0 0 0 0 1 0/0 7:18 0:20 1:18
John Marino 0 1 1 1 0 0 0 0 0 0 0/0 11:27 0:54 0:41
Keith Aulie 1 0 1 1 2 1 0 0 0 0 0/0 12:41 0:54 2:27
Marcus Foligno 0 0 0 -1 0 1 1 1 0 0 0/0 11:35 0:00 2:42
Mark Scheifele 0 3 3 0 2 6 1 0 0 1 2/2 25:03 6:49 1:44
Mathew Barzal 0 0 0 -2 0 3 1 0 0 0 0/1 17:11 5:53 0:00
Nick Leddy 0 0 0 -3 2 0 2 0 0 0 0/0 25:08 5:44 0:50
Oscar Klefbom 0 0 0 -4 0 0 1 1 2 1 0/0 27:45 7:04 3:29
Pavel Buchnevich 0 0 0 -3 0 2 5 1 0 0 1/1 18:00 6:01 0:12
Pavel Zacha 1 0 1 1 0 2 0 0 0 0 2/3 20:28 5:33 0:00
Roope Hintz 0 0 0 -1 0 0 0 0 0 0 2/4 9:21 0:06 0:45
Sebastian Aho 1 2 3 0 0 4 6 1 1 1 18/34 22:47 6:49 0:12
Tom Wilson 0 0 0 -1 0 0 0 0 0 1 0/0 10:19 0:06 1:21
3 Stars
1 - Rickard Rakell (Col)
2 - Jean-Gabriel Pageau (Col)
3 - Sebastian Aho (Pit)
Power Play
Avalanche - 0 on 3 Attempt(s) - 0.00%
Penguins - 1 on 7 Attempt(s) - 14.29%
Penalty Kill
Avalanche - 6 on 7 Attempt(s) - 85.71%
- Score 0 goal in Penalty Kill
Penguins - 3 on 3 Attempt(s) - 100.00%
- Score 0 goal in Penalty Kill
Team Stat
Avalanche - Hits : 20 - Faceoff Wins : 31 - Blocked Shots : 13 - Penalty Minutes : 14
Penguins - Hits : 19 - Faceoff Wins : 34 - Blocked Shots : 6 - Penalty Minutes : 6
Official
Referees : Brian Pochmara and Brandon Schrader
Linesman : Derek Nansen and Jonny Murray
Game Notes
8:43 of 3rd period - Penguins goal is going for a video replay. After video review, No Goal. The referee deems the play has been stopped, even if he had not physically had the opportunity to stop play by blowing his whistle.
Rickard Rakell has scored a Hat Trick!
Rickard Rakell has scored in a empty net!
Finance
Level 1 -- Attendance: 6000 (100.00%) -- Ticket Income $600,000
Level 2 -- Attendance: 4744 (94.88%) -- Ticket Income $332,080
Level 3 -- Attendance: 1960 (98.00%) -- Ticket Income $78,400
Level 4 -- Attendance: 4000 (100.00%) -- Ticket Income $120,000
Luxury Box -- Attendance: 1000 (100.00%) -- Ticket Income $200,000
Game was played at the PPG Paint Arena.
Total Attendance: 17704 (98.36%)
Total Ticket Income: $1,330,480
Other Income: $199,572
Total Income: $1,530,052
Avalanche
5 vs 5 Forward
Center Left Wing Right Wing Time % Phy DF OF
1 Jean-Gabriel Pageau Kyle Clifford Rickard Rakell 31 0 2 3
2 Bryan Little Andrei Kuzmenko Patric Hornqvist 31 0 2 3
3 Ryan O'Reilly Anthony Duclair Nick Cousins 27 0 2 3
4 Drake Caggiula Joseph Blandisi Ryan Hartman 11 1 2 2
5 vs 5 Defense
Defense Defense Time % Phy DF OF
1 Jack Johnson Jacob Slavin 39 1 2 2
2 Erik Karlsson David Rundblad 33 1 2 2
3 Vladislav Gavrikov Stefan Elliott 28 1 2 2
4 Jack Johnson Jacob Slavin 0 0 5 0
PowerPlay Forward
Center Left Wing Right Wing Time % Phy DF OF
1 Jean-Gabriel Pageau Kyle Clifford Rickard Rakell 50 0 1 4
2 Bryan Little Andrei Kuzmenko Nick Cousins 50 0 1 4
PowerPlay Defense
Defense Defense Time % Phy DF OF
1 Jacob Slavin Erik Karlsson 50 0 2 3
2 Stefan Elliott David Rundblad 50 0 2 3
Penalty Kill 4 Players Forward
Center Wing Time % Phy DF OF
1 Jean-Gabriel Pageau Kyle Clifford 50 1 3 1
2 Ryan O'Reilly Patric Hornqvist 50 1 3 1
Penalty Kill 4 Players Defense
Defense Defense Time % Phy DF OF
1 Jacob Slavin David Rundblad 50 1 3 1
2 Jack Johnson Vladislav Gavrikov 50 1 3 1
Penalty Kill - 3 Players Forward
Forward Time % Phy DF OF
1 Kyle Clifford 55 1 4 0
2 Jean-Gabriel Pageau 45 1 4 0
Penalty Kill - 3 Players Defense
Defense Defense Time % Phy DF OF
1 Jacob Slavin David Rundblad 50 1 4 0
2 Jack Johnson Vladislav Gavrikov 50 1 4 0
4 vs 4 Forward
Center Wing Time % Phy DF OF
1 Jean-Gabriel Pageau Kyle Clifford 50 1 2 2
2 Ryan O'Reilly Andrei Kuzmenko 50 1 2 2
4 vs 4 Defense
Defense Defense Time % Phy DF OF
1 Jacob Slavin Vladislav Gavrikov 55 1 2 2
2 Jack Johnson David Rundblad 45 1 2 2
Last Minutes Offensive
Center Left Wing Right Wing Defense Defense
Jean-Gabriel Pageau Anthony Duclair Patric Hornqvist Erik Karlsson Jacob Slavin
Last Minutes Defensive
Center Left Wing Right Wing Defense Defense
Jean-Gabriel Pageau Kyle Clifford Rickard Rakell Jacob Slavin Jack Johnson
Goaltenders
Starting : Semyon Varlamov
Backup : Robin Lehner
Extra Forwards
Normal : Drake Caggiula, Joseph Blandisi, Ryan Hartman - PP : Anthony Duclair, Ryan O'Reilly - PK : Rickard Rakell
Extra Defensemen
Normal : Vladislav Gavrikov, Stefan Elliott, David Rundblad - PP : Vladislav Gavrikov - PK : Stefan Elliott, Erik Karlsson
Penalty Shots
Andrei Kuzmenko, Anthony Duclair, Bryan Little, Patric Hornqvist, Kyle Clifford
Custom OT Lines Forwards
Kyle Clifford, Jean-Gabriel Pageau, Bryan Little, Patric Hornqvist, Rickard Rakell, Ryan O'Reilly, Andrei Kuzmenko, Nick Cousins, Ryan Hartman, Anthony Duclair
Custom OT Lines Defensemen
Jacob Slavin, Erik Karlsson, Jack Johnson, David Rundblad, Stefan Elliott
Scratches
Jarred Tinordi (Healthy), Luke Witkowski (Healthy)
Penguins
5 vs 5 Forward
Center Left Wing Right Wing Time % Phy DF OF
1 Sebastian Aho Pavel Zacha Mark Scheifele 40 1 2 2
2 Elias Lindholm Pavel Buchnevich Mathew Barzal 30 1 2 2
3 Roope Hintz Marcus Foligno Tom Wilson 20 1 2 2
4 Evan Rodrigues Iven Barbashev Brandon Tanev 10 1 2 2
5 vs 5 Defense
Defense Defense Time % Phy DF OF
1 Oscar Klefbom Nick Leddy 45 1 2 2
2 Aaron Ekblad Gavin Bayreuther 35 1 2 2
3 Keith Aulie John Marino 20 1 2 2
4 Oscar Klefbom Nick Leddy 0 1 2 2
PowerPlay Forward
Center Left Wing Right Wing Time % Phy DF OF
1 Sebastian Aho Pavel Buchnevich Mark Scheifele 60 0 2 3
2 Elias Lindholm Pavel Zacha Mathew Barzal 40 0 2 3
PowerPlay Defense
Defense Defense Time % Phy DF OF
1 Oscar Klefbom Gavin Bayreuther 60 0 2 3
2 Aaron Ekblad Nick Leddy 40 0 2 3
Penalty Kill 4 Players Forward
Center Wing Time % Phy DF OF
1 Mark Scheifele Marcus Foligno 60 1 3 1
2 Tom Wilson Brandon Tanev 40 1 3 1
Penalty Kill 4 Players Defense
Defense Defense Time % Phy DF OF
1 Oscar Klefbom Keith Aulie 60 1 2 2
2 Aaron Ekblad Nick Leddy 40 1 2 2
Penalty Kill - 3 Players Forward
Forward Time % Phy DF OF
1 Marcus Foligno 60 1 2 2
2 Tom Wilson 40 1 2 2
Penalty Kill - 3 Players Defense
Defense Defense Time % Phy DF OF
1 Oscar Klefbom Keith Aulie 60 1 2 2
2 Aaron Ekblad Nick Leddy 40 1 2 2
4 vs 4 Forward
Center Wing Time % Phy DF OF
1 Sebastian Aho Mark Scheifele 60 1 2 2
2 Elias Lindholm Mathew Barzal 40 1 2 2
4 vs 4 Defense
Defense Defense Time % Phy DF OF
1 Oscar Klefbom Nick Leddy 50 1 2 2
2 Aaron Ekblad Gavin Bayreuther 50 1 2 2
Last Minutes Offensive
Center Left Wing Right Wing Defense Defense
Sebastian Aho Pavel Buchnevich Mark Scheifele Oscar Klefbom Aaron Ekblad
Last Minutes Defensive
Center Left Wing Right Wing Defense Defense
Roope Hintz Marcus Foligno Tom Wilson Oscar Klefbom Keith Aulie
Goaltenders
Starting : Jeremy Swayman
Backup : James Reimer
Extra Forwards
Normal : Mark Scheifele, Pavel Zacha, Tom Wilson - PP : Mark Scheifele, Pavel Zacha - PK : Marcus Foligno
Extra Defensemen
Normal : Oscar Klefbom, Aaron Ekblad, Keith Aulie - PP : Aaron Ekblad - PK : Oscar Klefbom, Keith Aulie
Penalty Shots
Mark Scheifele, Sebastian Aho, Pavel Buchnevich, Pavel Zacha, Elias Lindholm
Custom OT Lines Forwards
Mark Scheifele, Sebastian Aho, Pavel Buchnevich, Pavel Zacha, Elias Lindholm, Mathew Barzal, Marcus Foligno, Roope Hintz, Tom Wilson, Iven Barbashev
Custom OT Lines Defensemen
Aaron Ekblad, Oscar Klefbom, Keith Aulie, Nick Leddy, Gavin Bayreuther
Scratches
None
% Time on Ice - Avalanche
Lines # - Real PCT - Wanted PCT - Time Play
Normal Forward
1 - 29% - 31% - 11:58
2 - 29% - 31% - 11:59
3 - 24% - 27% - 9:51
4 - 17% - 11% - 7:10
Normal Defense
1 - 42% - 39% - 17:16
2 - 32% - 33% - 13:01
3 - 26% - 28% - 10:41
4 - 0% - 0% - 0:00
PP Forward
1 - 63% - 50% - 3:29
2 - 37% - 50% - 2:04
PP Defense
1 - 62% - 50% - 3:27
2 - 38% - 50% - 2:06
PK Forward
1 - 49% - 50% - 6:19
2 - 51% - 50% - 6:29
PK Defense
1 - 52% - 50% - 6:37
2 - 48% - 50% - 6:11
PK3 Forward
1 - 0% - 55%
2 - 0% - 45%
PK3 Defense
1 - 0% - 50%
2 - 0% - 50%
44 Forward
1 - 0% - 50% - 0:00
2 - 100% - 50% - 0:24
44 Defense
1 - 0% - 55% - 0:00
2 - 100% - 45% - 0:24
Last Minute Offensive - 0:00
Last Minute Defensive - 0:17
Total
Forward - 60:00
Defense - 60:00
|
% Time on Ice - Penguins
Lines # - Real PCT - Wanted PCT - Time Play
Normal Forward
1 - 38% - 40% - 15:34
2 - 28% - 30% - 11:40
3 - 21% - 20% - 8:30
4 - 13% - 10% - 5:20
Normal Defense
1 - 45% - 45% - 18:35
2 - 33% - 35% - 13:41
3 - 21% - 20% - 8:48
4 - 0% - 0% - 0:00
PP Forward
1 - 54% - 60% - 6:55
2 - 46% - 40% - 5:53
PP Defense
1 - 62% - 60% - 7:58
2 - 38% - 40% - 4:50
PK Forward
1 - 76% - 60% - 4:12
2 - 24% - 40% - 1:21
PK Defense
1 - 63% - 60% - 3:29
2 - 37% - 40% - 2:04
PK3 Forward
1 - 0% - 60%
2 - 0% - 40%
PK3 Defense
1 - 0% - 60%
2 - 0% - 40%
44 Forward
1 - 100% - 60% - 0:24
2 - 0% - 40% - 0:00
44 Defense
1 - 100% - 50% - 0:24
2 - 0% - 50% - 0:00
Last Minute Offensive - 0:11
Last Minute Defensive - 0:00
Total
Forward - 60:00
Defense - 60:00
|
Play-by-Play
1st period
0:01 of 1st period - Sebastian Aho wins face-off versus Jean-Gabriel Pageau in neutral zone.
0:08 of 1st period - Backhand shot by Mark Scheifele.
0:08 of 1st period - Stopped by Semyon Varlamov without a rebound.
0:09 of 1st period - Pavel Zacha wins face-off versus Rickard Rakell in Avalanche zone.
0:54 of 1st period - Wrist shot by Kyle Clifford.
0:54 of 1st period - Shot Misses the Net.
1:20 of 1st period - Snap shot by Kyle Clifford.
1:20 of 1st period - Shot Misses the Net.
1:22 of 1st period - Snap shot by Rickard Rakell.
1:22 of 1st period - Goal by Rickard Rakell - Avalanche : 1 - Penguins : 0.
1:23 of 1st period - Elias Lindholm wins face-off versus Patric Hornqvist in neutral zone.
1:38 of 1st period - Wrist shot by Pavel Buchnevich.
1:38 of 1st period - Shot Blocked by Erik Karlsson.
1:40 of 1st period - Snap shot by Elias Lindholm.
1:40 of 1st period - Stopped by Semyon Varlamov with a rebound.
1:46 of 1st period - Minor Penalty to Bryan Little for Roughing.
1:47 of 1st period - Patric Hornqvist wins face-off versus Sebastian Aho in Avalanche zone.
2:14 of 1st period - David Rundblad is hit by Mathew Barzal and loses puck.
2:28 of 1st period - Icing by Pavel Zacha.
2:29 of 1st period - Patric Hornqvist wins face-off versus Elias Lindholm in Penguins zone.
2:30 of 1st period - Snap shot by Ryan O'Reilly.
2:30 of 1st period - Shot Blocked by Gavin Bayreuther.
3:14 of 1st period - Slapshot by Oscar Klefbom.
3:14 of 1st period - Shot Misses the Net.
3:16 of 1st period - Snap shot by Gavin Bayreuther.
3:16 of 1st period - Stopped by Semyon Varlamov without a rebound.
3:17 of 1st period - Ryan O'Reilly wins face-off versus Sebastian Aho in Avalanche zone.
3:17 of 1st period - Ryan O'Reilly is hit by Sebastian Aho.
3:46 of 1st period - Penalty to Bryan Little is over, Bryan Little is back on ice.
3:57 of 1st period - Wrist shot by Patric Hornqvist.
3:57 of 1st period - Stopped by Jeremy Swayman with a rebound.
4:29 of 1st period - Minor Penalty to Keith Aulie for Delaying the game.
4:30 of 1st period - Mark Scheifele wins face-off versus Jean-Gabriel Pageau in Penguins zone.
4:48 of 1st period - Aaron Ekblad is hit by Rickard Rakell.
6:02 of 1st period - Slapshot by Brandon Tanev.
6:02 of 1st period - Shot Misses the Net.
6:04 of 1st period - Minor Penalty to Rickard Rakell for Boarding.
6:05 of 1st period - Ryan O'Reilly wins face-off versus Sebastian Aho in Avalanche zone.
6:10 of 1st period - Slapshot by David Rundblad.
6:10 of 1st period - Stopped by Jeremy Swayman without a rebound.
6:11 of 1st period - Sebastian Aho wins face-off versus Ryan O'Reilly in Penguins zone.
6:24 of 1st period - Snap shot by Sebastian Aho.
6:24 of 1st period - Stopped by Semyon Varlamov with a rebound.
6:26 of 1st period - Snap shot by Sebastian Aho.
6:26 of 1st period - Shot Blocked by Ryan O'Reilly.
6:29 of 1st period - Penalty to Keith Aulie is over, Keith Aulie is back on ice.
7:20 of 1st period - Wrist shot by Mark Scheifele.
7:20 of 1st period - Shot Blocked by Jack Johnson.
7:22 of 1st period - Slapshot by Keith Aulie.
7:22 of 1st period - Goal by Keith Aulie - Avalanche : 1 - Penguins : 1.
7:23 of 1st period - Jean-Gabriel Pageau wins face-off versus Elias Lindholm in neutral zone.
8:19 of 1st period - Nick Cousins is hit by Brandon Tanev and loses puck.
8:54 of 1st period - Snap shot by Mark Scheifele.
8:54 of 1st period - Stopped by Semyon Varlamov with a rebound.
8:56 of 1st period - Wrist shot by Mark Scheifele.
8:56 of 1st period - Shot Blocked by Erik Karlsson.
11:12 of 1st period - Off-side.
11:13 of 1st period - Pavel Buchnevich wins face-off versus Drake Caggiula in neutral zone.
11:38 of 1st period - Oscar Klefbom is hit by Jean-Gabriel Pageau and loses puck.
11:49 of 1st period - Snap shot by Rickard Rakell.
11:49 of 1st period - Shot Blocked by Oscar Klefbom.
11:51 of 1st period - Slapshot by Rickard Rakell.
11:51 of 1st period - Goal by Rickard Rakell - Avalanche : 2 - Penguins : 1.
11:52 of 1st period - Sebastian Aho wins face-off versus Ryan O'Reilly in neutral zone.
12:50 of 1st period - Slapshot by Oscar Klefbom.
12:50 of 1st period - Deflect By Roope Hintz.
12:50 of 1st period - Shot Blocked by Jean-Gabriel Pageau.
12:50 of 1st period - Puck is out of play.
12:51 of 1st period - Ryan O'Reilly wins face-off versus Sebastian Aho in Avalanche zone.
13:52 of 1st period - Wrist shot by Kyle Clifford.
13:52 of 1st period - Stopped by Jeremy Swayman without a rebound.
13:53 of 1st period - Bryan Little wins face-off versus Sebastian Aho in Penguins zone.
14:19 of 1st period - Sebastian Aho is hit by Erik Karlsson and loses puck.
14:32 of 1st period - Slapshot by Mark Scheifele.
14:32 of 1st period - Shot Misses the Net.
14:34 of 1st period - Wrist shot by Pavel Zacha.
14:34 of 1st period - Goal by Pavel Zacha - Avalanche : 2 - Penguins : 2.
14:35 of 1st period - Elias Lindholm wins face-off versus Ryan O'Reilly in neutral zone.
14:52 of 1st period - Snap shot by Ryan O'Reilly.
14:52 of 1st period - Shot Misses the Net.
15:02 of 1st period - Jack Johnson is hit by Sebastian Aho and loses puck.
16:04 of 1st period - Elias Lindholm is hit by Anthony Duclair and loses puck.
16:19 of 1st period - Jacob Slavin is hit by Pavel Buchnevich and loses puck.
16:36 of 1st period - Snap shot by Sebastian Aho.
16:36 of 1st period - Stopped by Semyon Varlamov with a rebound.
17:08 of 1st period - Wrist shot by Bryan Little.
17:08 of 1st period - Stopped by Jeremy Swayman without a rebound.
17:09 of 1st period - Sebastian Aho wins face-off versus Ryan O'Reilly in Penguins zone.
17:14 of 1st period - Slapshot by Mark Scheifele.
17:14 of 1st period - Stopped by Semyon Varlamov with a rebound.
17:16 of 1st period - Snap shot by Mark Scheifele.
17:16 of 1st period - Deflect By Pavel Zacha.
17:16 of 1st period - Shot Misses the Net.
17:16 of 1st period - Puck is out of play.
17:17 of 1st period - Sebastian Aho wins face-off versus Ryan O'Reilly in Avalanche zone.
17:18 of 1st period - Backhand shot by Mark Scheifele.
17:18 of 1st period - Shot Blocked by Erik Karlsson.
17:32 of 1st period - Wrist shot by Mark Scheifele.
17:32 of 1st period - Stopped by Semyon Varlamov without a rebound.
17:33 of 1st period - Elias Lindholm wins face-off versus Bryan Little in Avalanche zone.
18:33 of 1st period - Roope Hintz is hit by Rickard Rakell and loses puck.
19:22 of 1st period - Gavin Bayreuther is hit by Patric Hornqvist and loses puck.
19:30 of 1st period - Icing by Elias Lindholm.
19:31 of 1st period - Ryan O'Reilly wins face-off versus Elias Lindholm in Penguins zone.
19:38 of 1st period - Wrist shot by Ryan O'Reilly.
19:38 of 1st period - Deflect By Nick Cousins.
19:38 of 1st period - Shot Misses the Net.
19:38 of 1st period - Puck is out of play.
19:39 of 1st period - Nick Cousins wins face-off versus Sebastian Aho in Penguins zone.
19:59 of 1st period - Jack Johnson is hit by Mark Scheifele and loses puck.
Goals for this period are 2 for Avalanche vs 2 for Penguins.
Shots for this period are 6 for Avalanche vs 10 for Penguins.
2nd period
0:01 of 2nd period - Sebastian Aho wins face-off versus Jean-Gabriel Pageau in neutral zone.
0:12 of 2nd period - Wrist shot by Pavel Zacha.
0:12 of 2nd period - Shot Blocked by Vladislav Gavrikov.
1:10 of 2nd period - Icing by Anthony Duclair.
1:11 of 2nd period - Drake Caggiula wins face-off versus Sebastian Aho in Avalanche zone.
1:37 of 2nd period - Wrist shot by Sebastian Aho.
1:37 of 2nd period - Goal by Sebastian Aho - Avalanche : 2 - Penguins : 3.
1:38 of 2nd period - Sebastian Aho wins face-off versus Rickard Rakell in neutral zone.
1:45 of 2nd period - Snap shot by Mark Scheifele.
1:45 of 2nd period - Shot Misses the Net.
1:51 of 2nd period - Snap shot by Mark Scheifele.
1:51 of 2nd period - Stopped by Semyon Varlamov without a rebound.
1:52 of 2nd period - Sebastian Aho wins face-off versus Bryan Little in Avalanche zone.
1:59 of 2nd period - Wrist shot by Pavel Zacha.
1:59 of 2nd period - Shot Blocked by Jacob Slavin.
2:49 of 2nd period - Wrist shot by Nick Cousins.
2:49 of 2nd period - Goal by Nick Cousins - Avalanche : 3 - Penguins : 3.
2:50 of 2nd period - Bryan Little wins face-off versus Sebastian Aho in neutral zone.
2:58 of 2nd period - Wrist shot by Patric Hornqvist.
2:58 of 2nd period - Stopped by Jeremy Swayman with a rebound.
3:00 of 2nd period - Snap shot by Bryan Little.
3:00 of 2nd period - Stopped by Jeremy Swayman without a rebound.
3:01 of 2nd period - Pavel Zacha wins face-off versus Jean-Gabriel Pageau in Penguins zone.
3:28 of 2nd period - Patric Hornqvist is hit by Pavel Buchnevich.
3:32 of 2nd period - Snap shot by Pavel Buchnevich.
3:32 of 2nd period - Shot Misses the Net.
3:36 of 2nd period - Snap shot by Mathew Barzal.
3:36 of 2nd period - Stopped by Semyon Varlamov without a rebound.
3:37 of 2nd period - Roope Hintz wins face-off versus Ryan O'Reilly in Avalanche zone.
3:51 of 2nd period - Snap shot by Marcus Foligno.
3:51 of 2nd period - Shot Misses the Net.
4:11 of 2nd period - Off-side.
4:12 of 2nd period - Jean-Gabriel Pageau wins face-off versus Elias Lindholm in neutral zone.
4:15 of 2nd period - Snap shot by Erik Karlsson.
4:15 of 2nd period - Stopped by Jeremy Swayman without a rebound.
4:16 of 2nd period - Jean-Gabriel Pageau wins face-off versus Elias Lindholm in Penguins zone.
4:33 of 2nd period - Backhand shot by Pavel Buchnevich.
4:33 of 2nd period - Stopped by Semyon Varlamov without a rebound.
4:34 of 2nd period - Sebastian Aho wins face-off versus Bryan Little in Avalanche zone.
5:01 of 2nd period - Sebastian Aho is hit by Kyle Clifford.
5:21 of 2nd period - Minor Penalty to Mark Scheifele for Interference.
5:22 of 2nd period - Bryan Little wins face-off versus Elias Lindholm in Penguins zone.
6:11 of 2nd period - Wrist shot by Roope Hintz.
6:11 of 2nd period - Shot Blocked by Bryan Little.
7:21 of 2nd period - Penalty to Mark Scheifele is over, Mark Scheifele is back on ice.
7:26 of 2nd period - Jacob Slavin is hit by Nick Leddy and loses puck.
8:12 of 2nd period - Icing by Roope Hintz.
8:13 of 2nd period - Sebastian Aho wins face-off versus Drake Caggiula in Penguins zone.
8:30 of 2nd period - Minor Penalty to Ryan Hartman for Tripping.
8:31 of 2nd period - Jean-Gabriel Pageau wins face-off versus Sebastian Aho in Avalanche zone.
8:48 of 2nd period - Wrist shot by Sebastian Aho.
8:48 of 2nd period - Stopped by Semyon Varlamov with a rebound.
9:04 of 2nd period - Pavel Zacha is hit by Jack Johnson and loses puck.
10:30 of 2nd period - Penalty to Ryan Hartman is over, Ryan Hartman is back on ice.
10:46 of 2nd period - Slapshot by Jacob Slavin.
10:46 of 2nd period - Shot Misses the Net.
11:36 of 2nd period - Slapshot by Ryan Hartman.
11:36 of 2nd period - Shot Misses the Net.
11:38 of 2nd period - Slapshot by Stefan Elliott.
11:38 of 2nd period - Shot Blocked by Elias Lindholm.
11:40 of 2nd period - Wrist shot by Joseph Blandisi.
11:40 of 2nd period - Shot Misses the Net.
11:42 of 2nd period - Slapshot by Vladislav Gavrikov.
11:42 of 2nd period - Deflect By Pavel Buchnevich.
11:42 of 2nd period - Stopped by Jeremy Swayman with a rebound.
12:57 of 2nd period - Nick Leddy is hit by Jean-Gabriel Pageau and loses puck.
13:19 of 2nd period - Wrist shot by Ryan O'Reilly.
13:19 of 2nd period - Stopped by Jeremy Swayman with a rebound.
13:29 of 2nd period - Tom Wilson is hit by Bryan Little and loses puck.
13:36 of 2nd period - Vladislav Gavrikov is hit by Oscar Klefbom and loses puck.
13:49 of 2nd period - Oscar Klefbom is hit by Drake Caggiula and loses puck.
14:01 of 2nd period - Minor Penalty to Nick Leddy for Roughing.
14:02 of 2nd period - Mark Scheifele wins face-off versus Bryan Little in Penguins zone.
14:02 of 2nd period - Mark Scheifele is hit by Bryan Little.
14:28 of 2nd period - Mark Scheifele is hit by Stefan Elliott and loses puck.
14:35 of 2nd period - Wrist shot by Rickard Rakell.
14:35 of 2nd period - Stopped by Jeremy Swayman with a rebound.
14:37 of 2nd period - Snap shot by Kyle Clifford.
14:37 of 2nd period - Stopped by Jeremy Swayman with a rebound.
14:39 of 2nd period - Wrist shot by Jean-Gabriel Pageau.
14:39 of 2nd period - Shot Blocked by Marcus Foligno.
15:59 of 2nd period - Marcus Foligno is hit by Erik Karlsson and loses puck.
16:01 of 2nd period - Penalty to Nick Leddy is over, Nick Leddy is back on ice.
16:10 of 2nd period - Nick Leddy is hit by Joseph Blandisi and loses puck.
16:47 of 2nd period - Icing by Stefan Elliott.
16:48 of 2nd period - Ryan O'Reilly wins face-off versus Evan Rodrigues in Avalanche zone.
16:53 of 2nd period - Snap shot by Anthony Duclair.
16:53 of 2nd period - Stopped by Jeremy Swayman with a rebound.
16:55 of 2nd period - Snap shot by Joseph Blandisi.
16:55 of 2nd period - Deflect By Ryan Hartman.
16:55 of 2nd period - Shot Misses the Net.
16:55 of 2nd period - Puck is out of play.
16:56 of 2nd period - Elias Lindholm wins face-off versus Drake Caggiula in Penguins zone.
16:56 of 2nd period - Elias Lindholm is hit by Drake Caggiula.
17:14 of 2nd period - Nick Leddy is hit by Stefan Elliott and loses puck.
17:21 of 2nd period - Slapshot by Joseph Blandisi.
17:21 of 2nd period - Stopped by Jeremy Swayman without a rebound.
17:22 of 2nd period - Kyle Clifford wins face-off versus Sebastian Aho in Penguins zone.
17:33 of 2nd period - Wrist shot by Rickard Rakell.
17:33 of 2nd period - Stopped by Jeremy Swayman with a rebound.
18:35 of 2nd period - Off-side.
18:36 of 2nd period - Evan Rodrigues wins face-off versus Drake Caggiula in neutral zone.
18:43 of 2nd period - Slapshot by Brandon Tanev.
18:43 of 2nd period - Stopped by Semyon Varlamov without a rebound.
18:44 of 2nd period - Jean-Gabriel Pageau wins face-off versus Sebastian Aho in Avalanche zone.
18:59 of 2nd period - Wrist shot by Pavel Zacha.
18:59 of 2nd period - Stopped by Semyon Varlamov without a rebound.
19:00 of 2nd period - Elias Lindholm wins face-off versus Bryan Little in Avalanche zone.
19:05 of 2nd period - Snap shot by Mathew Barzal.
19:05 of 2nd period - Stopped by Semyon Varlamov with a rebound.
19:13 of 2nd period - Wrist shot by Mathew Barzal.
19:13 of 2nd period - Shot Misses the Net.
19:15 of 2nd period - Wrist shot by Elias Lindholm.
19:15 of 2nd period - Stopped by Semyon Varlamov with a rebound.
19:45 of 2nd period - Icing by David Rundblad.
19:46 of 2nd period - Jean-Gabriel Pageau wins face-off versus Roope Hintz in Avalanche zone.
Goals for this period are 1 for Avalanche vs 1 for Penguins.
Shots for this period are 11 for Avalanche vs 9 for Penguins.
3rd period
0:01 of 3rd period - Jean-Gabriel Pageau wins face-off versus Sebastian Aho in neutral zone.
0:12 of 3rd period - Slapshot by Kyle Clifford.
0:12 of 3rd period - Stopped by Jeremy Swayman with a rebound.
0:14 of 3rd period - Snap shot by Jack Johnson.
0:14 of 3rd period - Deflect By Rickard Rakell.
0:14 of 3rd period - Shot Misses the Net.
0:14 of 3rd period - Puck is out of play.
0:15 of 3rd period - Bryan Little wins face-off versus Elias Lindholm in Penguins zone.
0:16 of 3rd period - Wrist shot by Andrei Kuzmenko.
0:16 of 3rd period - Shot Misses the Net.
0:18 of 3rd period - Snap shot by Jacob Slavin.
0:18 of 3rd period - Goal by Jacob Slavin - Avalanche : 4 - Penguins : 3.
0:19 of 3rd period - Kyle Clifford wins face-off versus Pavel Zacha in neutral zone.
0:30 of 3rd period - Snap shot by Jean-Gabriel Pageau.
0:30 of 3rd period - Stopped by Jeremy Swayman with a rebound.
0:46 of 3rd period - Bryan Little is hit by Pavel Buchnevich and loses puck.
0:53 of 3rd period - Slapshot by Erik Karlsson.
0:53 of 3rd period - Deflect By Bryan Little.
0:53 of 3rd period - Stopped by Jeremy Swayman without a rebound.
0:54 of 3rd period - Ryan O'Reilly wins face-off versus Elias Lindholm in Penguins zone.
1:11 of 3rd period - Nick Cousins is hit by Pavel Buchnevich and loses puck.
2:08 of 3rd period - Aaron Ekblad is hit by Erik Karlsson and loses puck.
2:57 of 3rd period - Slapshot by Jean-Gabriel Pageau.
2:57 of 3rd period - Stopped by Jeremy Swayman without a rebound.
2:58 of 3rd period - Sebastian Aho wins face-off versus Jean-Gabriel Pageau in Penguins zone.
3:03 of 3rd period - Snap shot by Kyle Clifford.
3:03 of 3rd period - Shot Misses the Net.
3:11 of 3rd period - Kyle Clifford is hit by Sebastian Aho and loses puck.
3:45 of 3rd period - Minor Penalty to Rickard Rakell for Tripping.
3:46 of 3rd period - Ryan O'Reilly wins face-off versus Elias Lindholm in Avalanche zone.
4:16 of 3rd period - Pavel Buchnevich is hit by Jack Johnson.
5:02 of 3rd period - Jacob Slavin is hit by Elias Lindholm and loses puck.
5:35 of 3rd period - Mark Scheifele is hit by Jack Johnson and loses puck.
5:45 of 3rd period - Penalty to Rickard Rakell is over, Rickard Rakell is back on ice.
5:54 of 3rd period - Slapshot by Marcus Foligno.
5:54 of 3rd period - Stopped by Semyon Varlamov with a rebound.
6:02 of 3rd period - Snap shot by Rickard Rakell.
6:02 of 3rd period - Shot Misses the Net.
6:04 of 3rd period - Snap shot by Rickard Rakell.
6:04 of 3rd period - Stopped by Jeremy Swayman without a rebound.
6:05 of 3rd period - Evan Rodrigues wins face-off versus Drake Caggiula in Penguins zone.
6:16 of 3rd period - Snap shot by Drake Caggiula.
6:16 of 3rd period - Stopped by Jeremy Swayman with a rebound.
6:18 of 3rd period - Slapshot by Ryan Hartman.
6:18 of 3rd period - Shot Misses the Net.
6:20 of 3rd period - Wrist shot by Ryan Hartman.
6:20 of 3rd period - Stopped by Jeremy Swayman with a rebound.
7:35 of 3rd period - Backhand shot by Roope Hintz.
7:35 of 3rd period - Shot Misses the Net.
7:37 of 3rd period - Snap shot by Tom Wilson.
7:37 of 3rd period - Deflect By Erik Karlsson.
7:37 of 3rd period - Shot Misses the Net.
7:37 of 3rd period - Puck is out of play.
7:38 of 3rd period - Bryan Little wins face-off versus Mathew Barzal in Avalanche zone.
7:53 of 3rd period - Wrist shot by Andrei Kuzmenko.
7:53 of 3rd period - Stopped by Jeremy Swayman with a rebound.
7:55 of 3rd period - Snap shot by Bryan Little.
7:55 of 3rd period - Stopped by Jeremy Swayman without a rebound.
7:56 of 3rd period - Nick Cousins wins face-off versus Sebastian Aho in Penguins zone.
8:32 of 3rd period - Minor Penalty to Andrei Kuzmenko for Interference.
8:33 of 3rd period - Sebastian Aho wins face-off versus Jean-Gabriel Pageau in Avalanche zone.
8:41 of 3rd period - Snap shot by Pavel Buchnevich.
8:41 of 3rd period - Stopped by Semyon Varlamov with a rebound.
8:43 of 3rd period - Slapshot by Mark Scheifele.
8:43 of 3rd period - Penguins goal is going for a video replay.
8:43 of 3rd period - The goal is refused. The referee deems the play has been stopped, even if he had not physically had the opportunity to stop play by blowing his whistle..
8:44 of 3rd period - Sebastian Aho wins face-off versus Jean-Gabriel Pageau in Avalanche zone.
8:55 of 3rd period - Slapshot by Gavin Bayreuther.
8:55 of 3rd period - Deflect By Mark Scheifele.
8:55 of 3rd period - Deflect By Jacob Slavin.
8:55 of 3rd period - Shot Blocked by Jean-Gabriel Pageau.
8:55 of 3rd period - Puck is out of play.
8:56 of 3rd period - Sebastian Aho wins face-off versus Jean-Gabriel Pageau in Avalanche zone.
10:13 of 3rd period - David Rundblad is hit by Sebastian Aho and loses puck.
10:32 of 3rd period - Penalty to Andrei Kuzmenko is over, Andrei Kuzmenko is back on ice.
10:36 of 3rd period - Jack Johnson is hit by Marcus Foligno and loses puck.
11:10 of 3rd period - Backhand shot by Joseph Blandisi.
11:10 of 3rd period - Stopped by Jeremy Swayman without a rebound.
11:11 of 3rd period - Roope Hintz wins face-off versus Ryan O'Reilly in Penguins zone.
11:20 of 3rd period - Wrist shot by Roope Hintz.
11:20 of 3rd period - Shot Misses the Net.
11:34 of 3rd period - Wrist shot by Andrei Kuzmenko.
11:34 of 3rd period - Stopped by Jeremy Swayman without a rebound.
11:35 of 3rd period - Bryan Little wins face-off versus Sebastian Aho in Penguins zone.
11:36 of 3rd period - Slapshot by Andrei Kuzmenko.
11:36 of 3rd period - Stopped by Jeremy Swayman without a rebound.
11:37 of 3rd period - Bryan Little wins face-off versus Sebastian Aho in Penguins zone.
11:57 of 3rd period - Off-side.
11:58 of 3rd period - Elias Lindholm wins face-off versus Ryan O'Reilly in neutral zone.
12:25 of 3rd period - Andrei Kuzmenko is hit by Sebastian Aho.
12:53 of 3rd period - Slapshot by Jean-Gabriel Pageau.
12:53 of 3rd period - Stopped by Jeremy Swayman with a rebound.
12:57 of 3rd period - Snap shot by Jean-Gabriel Pageau.
12:57 of 3rd period - Deflect By Rickard Rakell.
12:57 of 3rd period - Shot Misses the Net.
12:57 of 3rd period - Puck is out of play.
12:58 of 3rd period - Elias Lindholm wins face-off versus Nick Cousins in Penguins zone.
13:09 of 3rd period - Slapshot by Oscar Klefbom.
13:09 of 3rd period - Deflect By Pavel Buchnevich.
13:09 of 3rd period - Shot Blocked by Stefan Elliott.
13:09 of 3rd period - Puck is out of play.
13:10 of 3rd period - Sebastian Aho wins face-off versus Bryan Little in Avalanche zone.
13:18 of 3rd period - Icing by Stefan Elliott.
13:19 of 3rd period - Sebastian Aho wins face-off versus Bryan Little in Avalanche zone.
13:20 of 3rd period - Slapshot by Pavel Zacha.
13:20 of 3rd period - Shot Blocked by Andrei Kuzmenko.
13:22 of 3rd period - Minor Penalty to Stefan Elliott for Delaying the game.
13:23 of 3rd period - Sebastian Aho wins face-off versus Jean-Gabriel Pageau in Avalanche zone.
13:58 of 3rd period - Wrist shot by Mathew Barzal.
13:58 of 3rd period - Stopped by Semyon Varlamov with a rebound.
14:28 of 3rd period - Jean-Gabriel Pageau is hit by Sebastian Aho and loses puck.
15:22 of 3rd period - Penalty to Stefan Elliott is over, Stefan Elliott is back on ice.
15:32 of 3rd period - Anthony Duclair is hit by Nick Leddy and loses puck.
17:28 of 3rd period - Minor Penalty to Erik Karlsson for Holding.
17:29 of 3rd period - Jean-Gabriel Pageau wins face-off versus Sebastian Aho in Avalanche zone.
17:43 of 3rd period - Snap shot by Jean-Gabriel Pageau.
17:43 of 3rd period - Shot Misses the Net.
17:45 of 3rd period - Slapshot by Jack Johnson.
17:45 of 3rd period - Shot Blocked by Pavel Buchnevich.
18:04 of 3rd period - Snap shot by Aaron Ekblad.
18:04 of 3rd period - Shot Misses the Net.
18:17 of 3rd period - Off-side.
18:18 of 3rd period - Sebastian Aho wins face-off versus Jean-Gabriel Pageau in neutral zone.
18:40 of 3rd period - Snap shot by Gavin Bayreuther.
18:40 of 3rd period - Shot Misses the Net.
18:42 of 3rd period - Slapshot by Elias Lindholm.
18:42 of 3rd period - Deflect By Vladislav Gavrikov.
18:42 of 3rd period - Shot Blocked by Jean-Gabriel Pageau.
18:42 of 3rd period - Puck is out of play.
18:43 of 3rd period - Jean-Gabriel Pageau wins face-off versus Elias Lindholm in Avalanche zone.
18:46 of 3rd period - Penguins, Jeremy Swayman is pulled from the net.
19:28 of 3rd period - Penalty to Erik Karlsson is over, Erik Karlsson is back on ice.
19:40 of 3rd period - Vladislav Gavrikov is hit by Pavel Buchnevich and loses puck.
19:43 of 3rd period - Slapshot by Jean-Gabriel Pageau.
19:43 of 3rd period - Shot Blocked by Sebastian Aho.
19:45 of 3rd period - Snap shot by Kyle Clifford.
19:45 of 3rd period - Deflect By Rickard Rakell.
19:45 of 3rd period - Goal by Rickard Rakell - Avalanche : 5 - Penguins : 3.
19:45 of 3rd period - Jeremy Swayman from Penguins was sent back in the game.
19:46 of 3rd period - Ryan O'Reilly wins face-off versus Roope Hintz in neutral zone.
Goals for this period are 2 for Avalanche vs 0 for Penguins.
Shots for this period are 15 for Avalanche vs 4 for Penguins.